 Dungeon Crawl Stone Soup version bcrawl-1.12.2 (webtiles) character file.

Game seed: 1253163627766390480

91 Ebbett the Covered (level 4, -9/40 HPs)
             Began as a Minotaur Fighter on July 23, 2019.
             Mangled by an ogre
             ... wielding a +0 giant spiked club
              (11 damage)
             ... on level 3 of the Dungeon.
             The game lasted 00:03:55 (2090 turns).

Ebbett the Covered (Minotaur Fighter)               Turns: 2090, Time: 00:03:55

Health: -9/40      AC:  9    Str: 21    XL:     4   Next: 34%
Magic:  3/3        EV:  7    Int:  5    God:
Gold:   139        SH:  9    Dex: 10    Spells: 3/3 levels left

rFire    . . .     SeeInvis .   i - +1 short sword (venom)
rCold    . . .     Gourm    .   c - +0 shield
rNeg     . . .     Faith    .   b - +0 scale mail
rPois    .         Spirit   .   (helmet restricted)
rElec    .         Reflect  .   m - +1 cloak
rCorr    .         Harm     .   (no gloves)
MR       .....                  (no boots)
Stlth    ..........             (no amulet)
HPRegen  0.13/turn              (no ring)
MPRegen  0.08/turn              (no ring)

@: no status effects
A: retaliatory headbutt, horns 2
a: no special abilities


You were on level 3 of the Dungeon.
You were not hungry.

You visited 1 branch of the dungeon, and saw 3 of its levels.

You collected 139 gold pieces.

Inventory:

Hand Weapons
 a - a +0 trident
 i - a +1 short sword of venom (weapon)
 s - a +0 great sword
Armour
 b - a +0 scale mail (worn)
 c - a +0 shield (worn)
 g - a +0 barding
 m - a +1 cloak (worn)
Jewellery
 j - a +3 ring of intelligence {unknown}
Scrolls
 e - 10 scrolls of identify
 n - a scroll of enchant weapon
Potions
 d - a potion of might
 h - a potion of magic {unknown}
 k - 2 potions of lignification {unknown}
 o - a potion of heal wounds {unknown}
Comestibles
 f - 7 rations {!d}


   Skills:
 + Level 4.2 Fighting
 + Level 0.2 Short Blades
 + Level 2.7 Polearms
 + Level 4.7 Armour
 + Level 0.5 Dodging
 + Level 0.2 Stealth
 + Level 4.5 Shields


You had 3 spell levels left.
You didn't know any spells.
Your spell library was empty.

Dungeon Overview and Level Annotations

Branches:
Dungeon (3/12)

Altars:


Innate Abilities, Weirdness & Mutations

You reflexively headbutt those who attack you in melee.
You have a pair of horns on your head.


Message History

An ogre is nearby!
An ogre is nearby!
You hit the ogre.
The ogre is lightly wounded.
The ogre hits you with a +0 giant spiked club!
You hit the ogre but do no damage.
The ogre is lightly wounded.
The ogre hits you with a +0 giant spiked club!!
Ouch! That really hurt!
* * * LOW HITPOINT WARNING * * *
You hit the ogre.
The ogre is poisoned.
The ogre is moderately wounded.
You hit the ogre.
The ogre looks as sick as possible!
Your headbutt misses the ogre.
The ogre is heavily wounded.
The ogre hits you but does no damage.
You hit the ogre.
The ogre is heavily wounded.
The ogre hits you with a +0 giant spiked club!
You die...

#.#.######'####.# #.#
#.#......#......# #.#
#.#####.##.###### #.# #'##
#.################.# ...#
#..................# †..#
#################### †..+
...## ########### .......
......O@..# ##......
..>...#.###
#.............#.#
#.............#.#
#.............#.#
#.............#.########.##
#.............#.##........#
##.............#.##.########
##.............#.........#


You could see an ogre.

Vanquished Creatures
  A gnoll (D:2)
  An adder (D:3)
  2 oozes (D:2)
  2 worms (D:2)
  2 dart slugs
  6 leopard geckos (D:1)
  An orc (D:3)
  4 bats
  2 giant cockroaches
  2 goblins
  4 hobgoblins
  8 jackals
  4 kobolds
  A quokka (D:2)
  A frilled lizard (D:1)
  2 rats
43 creatures vanquished.

Notes
Turn   | Place    | Note
-------+----------+-------------------------------------------
     0 | D:1      | Ebbett the Minotaur Fighter began the quest for the Orb.
     0 | D:1      | Reached XP level 1. HP: 19/19 MP: 0/0
   316 | D:1      | Reached XP level 2. HP: 27/27 MP: 1/1
   941 | D:1      | Reached XP level 3. HP: 29/33 MP: 2/2
  1687 | D:2      | Reached XP level 4. HP: 40/40 MP: 3/3
  2085 | D:3      | Noticed an ogre
  2087 | D:3      | HP: 2/40 [ogre/+0 giant spiked club (21)]
  2090 | D:3      | Mangled by an ogre

Skill      XL: |  1  2 |
---------------+-------+-----
Fighting       | 4 |  4.2
Armour         | 4 |  4.7
Shields        | 4 |  4.5
Short Blades   | |  0.2
Polearms       | |  2.7
Dodging        | |  0.5
Stealth        | |  0.2

Action                   |  1- 3 |  4- 6 || total
-------------------------+-------+-------++-------
Melee: Trident           |    33 |       ||    33
       Headbutt          |    14 |     7 ||    21
       Short sword       |    59 |    21 ||    80
  Use: Scroll            |     6 |       ||     6
  Eat: Chunk             |     2 |     2 ||     4
Armor: Scale mail        |    61 |    14 ||    75
Dodge: Dodged            |    36 |    11 ||    47
Block: Shield            |    65 |    11 ||    76
